[Event "Czech Open-E Teams 2022"]
[Site "Pardubice"]
[Date "2022.07.17"]
[Round "6.36"]
[White "Singleton, Michael P F"]
[Black "Kacirek, Pavel"]
[Result "0-1"]
[ECO "A06"]
[WhiteElo "2042"]
[BlackElo "1859"]
[Annotator "TA"]
[PlyCount "54"]
[EventDate "2022.07.14"]
[EventType "team-tourn"]
[EventCountry "CZE"]
[SourceTitle "playchess.com"]
[Source "ChessBase"]
[SourceQuality "1"]
[TimeControl "5400+30"]

1. Nf3 d5 2. g3 e6 3. Bg2 f5 4. d3 Nf6 {[%emt 0:01:12] [#]} 5. Be3 $146 ({Predecessor:} 5. O-O c6 6. c4 Be7 7. b3 O-O 8. Bb2 a5 9. Nc3 Na6 10. e3 Nc5 11. cxd5 exd5 12. Ne2 Qb6 13. Rb1 Qa6 14. Nf4 Ne6 15. Qc2 Nxf4 16. exf4 Bd7 {½-½ (49) Rahman,Z (2477)-Karttunen,M (2472) Batumi 2018}) 5... c5 6. Nbd2 {[%emt 0:05:12] A07: Réti Opening: New York and Capablanca Systems.} Nc6 7. Nb3 (7. Bf4 $11) 7... e5 8. Bxc5 $2 (8. c3 $15) 8... Bxc5 $19 9. Nxc5 Qa5+ 10. Qd2 {[%emt 0:04:06] [#] Threatens to win with Qxa5.} Qxc5 11. Nxe5 Nxe5 12. d4 Nc4 13. dxc5 Nxd2 14. Kxd2 Ne4+ 15. Ke3 Be6 16. Rad1 O-O-O ({Weaker is} 16... Nxc5 17. Bxd5 O-O-O 18. Bxe6+ Nxe6 19. h4 $19) 17. b4 Rhe8 18. f3 $2 {[%emt 0:06:51] [#]} (18. Bxe4 fxe4 19. c3) 18... Nc3 19. Rd3 d4+ {[%emt 0:00:18] Black is clearly winning.} 20. Kf2 Bc4 21. Rd2 Nxa2 22. Rb1 Nc3 23. Re1 a6 24. f4 Ne4+ 25. Bxe4 Rxe4 26. Red1 Rde8 27. Re1 Kc7 {[%emt 0:00:10] White did not feel at home in the position after the opening.  Weighted Error Value: White=0.73/Black=0.18 (very precise)} 0-1

[Event "Czech Open-E Teams 2022"]
[Site "Pardubice"]
[Date "2022.07.17"]
[Round "6.37"]
[White "Balazs, Balint"]
[Black "Brejnik, Gustav"]
[Result "1/2-1/2"]
[ECO "D00"]
[WhiteElo "2174"]
[BlackElo "2292"]
[Annotator "ChessBase"]
[PlyCount "240"]
[EventDate "2022.07.14"]
[EventType "team-tourn"]
[EventCountry "CZE"]
[SourceTitle "playchess.com"]
[Source "ChessBase"]
[SourceQuality "1"]
[TimeControl "5400+30"]

1. d4 d5 2. Nc3 Nf6 3. Bf4 e6 4. Nb5 Na6 5. e3 Be7 6. Nf3 O-O 7. Be2 c6 8. Nc3 c5 9. h3 Bd7 10. O-O Qb6 11. Qd2 Rfd8 12. a3 Be8 13. Ne5 Rac8 14. Rab1 cxd4 15. exd4 Nc7 16. Bd3 Nb5 17. Ne2 Nd6 18. c3 Bb5 19. Nc1 Nfe4 20. Qe2 Ba6 21. Bxa6 Qxa6 22. Qxa6 bxa6 23. f3 Nf6 24. Ncd3 Nh5 25. Bh2 f6 26. Ng4 Nc4 27. Rfd1 Kf7 28. Kf2 a5 29. Ne3 g5 30. g4 Ng7 31. Ke2 h5 32. Rh1 Rh8 33. Bg3 Ne8 34. h4 hxg4 35. Nxg4 gxh4 36. Rxh4 Rxh4 37. Bxh4 Ned6 38. Rh1 Rh8 39. Rh2 Nf5 40. Bf2 Rb8 41. b4 Nxa3 42. Nf4 axb4 43. cxb4 Rxb4 44. Nh6+ Nxh6 45. Rxh6 Kg7 46. Rg6+ Kf7 47. Rh6 Kg7 48. Rg6+ Kh7 49. Rg2 Rb2+ 50. Kd3 Rb3+ 51. Ke2 Rb2+ 52. Kd3 Nc4 53. Nxe6 Bb4 54. Rh2+ Kg8 55. Bg3 Rb3+ 56. Kc2 Rc3+ 57. Kb1 Rb3+ 58. Kc2 Rxf3 59. Bh4 Rc3+ 60. Kb1 Rb3+ 61. Ka2 Ra3+ 62. Kb1 Bd6 63. Rf2 Rb3+ 64. Ka2 Ra3+ 65. Kb1 Rh3 66. Bxf6 Rf3 67. Rg2+ Rg3 68. Rf2 Rg1+ 69. Ka2 Kf7 70. Nc5 Kg6 71. Bd8 Rd1 72. Rf6+ Kh5 73. Rf5+ Kg4 74. Rxd5 Bxc5 75. Rxc5 Rxd4 76. Bf6 Rf4 77. Bc3 Nb6 78. Ra5 Rc4 79. Kb3 Rc7 80. Bd4 Nc8 81. Kb4 Kf3 82. Rc5 Rb7+ 83. Rb5 Rd7 84. Bc5 Ke4 85. Rb8 Rc7 86. Rxc8 Rxc8 87. Bxa7 Kd5 88. Bf2 Rc2 89. Bg1 Rg2 90. Ba7 Rg4+ 91. Kb5 Rg7 92. Kb6 Rg2 93. Kb7 Rb2+ 94. Ka8 Kc6 95. Bb8 Kd7 96. Ba7 Kc8 97. Bd4 Rb8+ 98. Ka7 Rb4 99. Bf2 Kc7 100. Ka8 Rb8+ 101. Ka7 Rb2 102. Bg3+ Kc6 103. Ka8 Kb6 104. Bf4 Re2 105. Bg3 Ra2+ 106. Kb8 Rg2 107. Bc7+ Kc6 108. Bf4 Rg4 109. Be5 Kb6 110. Bc7+ Ka6 111. Be5 Re4 112. Bg3 Re7 113. Ka8 Rg7 114. Bf4 Kb6 115. Be3+ Kc6 116. Bf4 Rg4 117. Bh2 Rb4 118. Bg3 Kd7 119. Bf2 Kc8 120. Ba7 Ra4 1/2-1/2

[Event "Czech Open-E Teams 2022"]
[Site "Pardubice"]
[Date "2022.07.17"]
[Round "6.38"]
[White "Parizek, Vojtech"]
[Black "Bertram, Karsten"]
[Result "1-0"]
[ECO "B01"]
[WhiteElo "2217"]
[BlackElo "2062"]
[Annotator "ChessBase"]
[PlyCount "165"]
[EventDate "2022.07.14"]
[EventType "team-tourn"]
[EventCountry "CZE"]
[SourceTitle "playchess.com"]
[Source "ChessBase"]
[SourceQuality "1"]
[TimeControl "5400+30"]

1. e4 d5 2. exd5 Qxd5 3. Nc3 Qa5 4. d4 Nf6 5. Nf3 Bg4 6. h3 Bh5 7. g4 Bg6 8. Ne5 c6 9. Bf4 Ne4 10. Nc4 Nxc3 11. Nxa5 Nxd1 12. Kxd1 b6 13. Nc4 Be4 14. Rg1 Nd7 15. Nd2 Bg6 16. Ba6 e5 17. Re1 Kd8 18. dxe5 Nc5 19. Bc4 b5 20. Bf1 Be7 21. Bg2 Rc8 22. Ne4 h5 23. g5 Ne6 24. Be3 Bxe4 25. Bxe4 Bxg5 26. Bxa7 c5 27. Bb7 Kc7 28. Bxc8 Rxc8 29. b4 Rd8+ 30. Ke2 Nd4+ 31. Kf1 Nxc2 32. Bxc5 Nxa1 33. Rxa1 Rd3 34. a4 Rxh3 35. Kg2 Rd3 36. axb5 Rd7 37. Ra7+ Kc8 38. Ra8+ Kb7 39. Rh8 g6 40. Rh7 Kc8 41. b6 Bd8 42. Kf3 Rb7 43. Rh8 Rd7 44. Ke4 Kb7 45. Bd6 Kxb6 46. Kd5 Bc7 47. Re8 h4 48. Rh8 g5 49. Rh5 Bd8 50. f3 Kb5 51. Rh8 Bc7 52. Rg8 Bd8 53. e6 fxe6+ 54. Kxe6 Rh7 55. Rxd8 h3 56. Rb8+ Kc4 57. Bh2 Kd3 58. Kf5 Ke2 59. Kxg5 Kxf3 60. b5 Rg7+ 61. Kh4 Rh7+ 62. Kg5 Rg7+ 63. Kf6 Rg2 64. Be5 Ke4 65. b6 Kd5 66. Bc7 Kc6 67. Rh8 h2 68. Rh6 Re2 69. Kf5+ Kb7 70. Bxh2 Re1 71. Bc7 Re2 72. Re6 Rd2 73. Ke5 Rd1 74. Rd6 Rb1 75. Rd4 Rb3 76. Kd5 Rb1 77. Kc5 Rc1+ 78. Rc4 Rb1 79. Rb4 Rc1+ 80. Kb5 Rh1 81. Bd6 Ra1 82. Rf4 Rb1+ 83. Bb4 1-0

[Event "Czech Open-E Teams 2022"]
[Site "Pardubice"]
[Date "2022.07.17"]
[Round "6.39"]
[White "Maul, Maik"]
[Black "Formanek, Martin"]
[Result "1-0"]
[ECO "A45"]
[WhiteElo "1568"]
[BlackElo "2233"]
[Annotator "ChessBase"]
[PlyCount "99"]
[EventDate "2022.07.14"]
[EventType "team-tourn"]
[EventCountry "CZE"]
[SourceTitle "playchess.com"]
[Source "ChessBase"]
[SourceQuality "1"]
[TimeControl "5400+30"]

1. d4 Nf6 2. Nc3 d5 3. Bf4 e6 4. e3 Be7 5. Nb5 Na6 6. Nf3 O-O 7. Bd3 c6 8. Nc3 Nb4 9. Ne2 Nxd3+ 10. Qxd3 c5 11. c3 Qb6 12. Qc2 Bd7 13. a4 Rac8 14. Ne5 Be8 15. O-O Nh5 16. Rfc1 f6 17. Nd3 c4 18. Ne1 g5 19. Bg3 Bg6 20. Qd2 a5 21. h3 Nxg3 22. Nxg3 Bd6 23. Ne2 Bb8 24. Rd1 h6 25. Nf3 Rcd8 26. Re1 Qc7 27. Ng3 Qh7 28. Ne2 h5 29. h4 e5 30. dxe5 g4 31. Nfd4 fxe5 32. Ne6 Qe7 33. Nxf8 Kxf8 34. Ng3 Qxh4 35. e4 d4 36. cxd4 exd4 37. Qh6+ Kf7 38. e5 Rg8 39. Qf4+ Kg7 40. Qxd4 Rd8 41. Qxc4 Ba7 42. Qc7+ Kh6 43. e6 Rf8 44. Re2 Bb8 45. Qc5 Rxf2 46. Rxf2 Bxg3 47. Rd1 Qh2+ 48. Kf1 Bxf2 49. Qf8+ Kg5 50. Rd5+ 1-0

[Event "Czech Open-E Teams 2022"]
[Site "Pardubice"]
[Date "2022.07.17"]
[Round "6.40"]
[White "Dvorak, Jan"]
[Black "Brunner, Alexander"]
[Result "1-0"]
[ECO "D31"]
[WhiteElo "2194"]
[BlackElo "1991"]
[Annotator "ChessBase"]
[PlyCount "52"]
[EventDate "2022.07.14"]
[EventType "team-tourn"]
[EventCountry "CZE"]
[SourceTitle "playchess.com"]
[Source "ChessBase"]
[SourceQuality "1"]
[TimeControl "5400+30"]

1. d4 d5 2. c4 e6 3. Nc3 f5 4. Nf3 c6 5. Bf4 Nf6 6. e3 Be7 7. Bd3 O-O 8. Qc2 Ne4 9. h3 Bd7 10. g4 Be8 11. Ke2 g5 12. Bh2 Bf6 13. Raf1 Bg6 14. Ne5 Bxe5 15. Bxe5 Nd7 16. Bh2 Qe7 17. f3 Nxc3+ 18. Qxc3 c5 19. gxf5 Bxf5 20. h4 Bxd3+ 21. Qxd3 gxh4 22. Rfg1+ Kh8 23. cxd5 exd5 24. dxc5 Qxc5 25. Be5+ Rf6 26. Rxh4 Qc4 1-0

[Event "Czech Open-E Teams 2022"]
[Site "Pardubice"]
[Date "2022.07.17"]
[Round "6.41"]
[White "Kratochvil, Karel"]
[Black "Dolezal, Radoslav"]
[Result "1/2-1/2"]
[ECO "E20"]
[WhiteElo "2163"]
[BlackElo "2392"]
[Annotator "ChessBase"]
[PlyCount "41"]
[EventDate "2022.07.14"]
[EventType "team-tourn"]
[EventCountry "CZE"]
[SourceTitle "playchess.com"]
[Source "ChessBase"]
[SourceQuality "1"]
[TimeControl "5400+30"]

1. d4 Nf6 2. c4 e6 3. Nc3 Bb4 4. f3 d5 5. a3 Bxc3+ 6. bxc3 O-O 7. cxd5 exd5 8. e3 b6 9. Bd3 Ba6 10. Bb1 Nh5 11. Qc2 f5 12. Qf2 Nc6 13. Ne2 Na5 14. O-O Nb3 15. Ra2 Qg5 16. Re1 Rae8 17. Rb2 Bc4 18. Ba2 Nxc1 19. Nxc1 Bxa2 20. Rxa2 f4 21. Rae2 1/2-1/2

[Event "Czech Open-E Teams 2022"]
[Site "Pardubice"]
[Date "2022.07.17"]
[Round "6.42"]
[White "Soural, Jan"]
[Black "Buran, Jaroslav"]
[Result "1/2-1/2"]
[ECO "A43"]
[WhiteElo "2119"]
[BlackElo "2038"]
[Annotator "TA"]
[PlyCount "27"]
[EventDate "2022.07.14"]
[EventType "team-tourn"]
[EventCountry "CZE"]
[SourceTitle "playchess.com"]
[Source "ChessBase"]
[SourceQuality "1"]
[TimeControl "5400+30"]

1. d4 Nf6 2. c4 c5 3. d5 d6 4. Nc3 e5 5. e4 Be7 6. h3 Nbd7 7. Nf3 $1 {[%emt 0:01:52] 7.Nf3 scores better than 7.Bd3.} Nf8 8. Bd3 Ng6 9. g3 {[%emt 0:00:06] A56: Czech Benoni.} a6 10. a4 b6 {[%emt 0:00:09] [#]} 11. Bd2 $146 {[%emt 0:06:33] White is more active.} ({Predecessor:} 11. Be3 Bd7 12. Nd2 Qc8 13. Bf1 h5 14. Rb1 h4 15. g4 Nh7 16. Be2 Bg5 17. Nf1 {½-½ (43) Horvath,I (2071)-Karrer,P Gyongyos 2003}) 11... Bd7 12. Qb1 Rb8 13. Ng1 Qc8 14. b3 {[%emt 0:00:56] Black got outplayed after the opening.  Weighted Error Value: White=0.08 (flawless) /Black=0.09 (flawless)} 1/2-1/2

[Event "Czech Open-E Teams 2022"]
[Site "Pardubice"]
[Date "2022.07.17"]
[Round "6.43"]
[White "Janicek, Lubomir"]
[Black "Postupa, Pavel"]
[Result "0-1"]
[ECO "D96"]
[WhiteElo "1828"]
[BlackElo "2235"]
[Annotator "ChessBase"]
[PlyCount "56"]
[EventDate "2022.07.14"]
[EventType "team-tourn"]
[EventCountry "CZE"]
[SourceTitle "playchess.com"]
[Source "ChessBase"]
[SourceQuality "1"]
[TimeControl "5400+30"]

1. d4 Nf6 2. Nf3 g6 3. c4 Bg7 4. Nc3 d5 5. Qb3 dxc4 6. Qxc4 O-O 7. Bf4 Na6 8. e3 c5 9. Be2 Be6 10. Qb5 Qb6 11. O-O Nd5 12. Be5 Bxe5 13. Nxe5 Rfd8 14. Nxd5 Bxd5 15. Qxb6 axb6 16. Bxa6 Rxa6 17. dxc5 bxc5 18. Rfd1 Rad6 19. h3 Be6 20. Rdc1 b6 21. Rc2 Rd2 22. Rac1 Bxa2 23. Nc6 Rxc2 24. Rxc2 Rd1+ 25. Kh2 Kf8 26. b4 Bd5 27. Nxe7 Kxe7 28. bxc5 b5 0-1

[Event "Czech Open-E Teams 2022"]
[Site "Pardubice"]
[Date "2022.07.17"]
[Round "6.44"]
[White "Krouzel, Jaroslav"]
[Black "Sladek, Vladislav"]
[Result "1/2-1/2"]
[ECO "D02"]
[WhiteElo "2145"]
[BlackElo "1919"]
[Annotator "TA"]
[PlyCount "26"]
[EventDate "2022.07.14"]
[EventType "team-tourn"]
[EventCountry "CZE"]
[SourceTitle "playchess.com"]
[Source "ChessBase"]
[SourceQuality "1"]
[TimeControl "5400+30"]

1. d4 d5 2. Nf3 Nf6 3. Bf4 c5 4. e3 Nc6 5. c3 Qb6 6. b3 {[%emt 0:00:30] D02: 1 d4 d5 2 Nf3 sidelines, including 2...Nf6 3 g3 and 2...Nf6 3 Bf4.} Bg4 7. Be2 e6 8. Nbd2 {[%emt 0:01:30] The position is equal.} Rc8 9. O-O Be7 {[%emt 0:00:32] [#]} 10. a4 $146 ({Predecessor:} 10. Ne5 Bf5 11. Rc1 h6 12. Bd3 Bxd3 13. Nxd3 cxd4 14. cxd4 O-O 15. Nc5 Rfd8 16. a3 {0-1 (68) Pfeffer,R (2172)-Nogly,C (2274) Germany 2006}) 10... O-O 11. a5 Qd8 ({Don't do} 11... Nxa5 12. dxc5 Qd8 13. b4 $16) 12. a6 b6 13. Rc1 (13. Ne5 $11 Bxe2 14. Qxe2) 13... Nh5 {[%emt 0:05:09] Weighted Error Value: White=0.10 (very precise) /Black=0.03 (flawless)} 1/2-1/2

[Event "Czech Open-E Teams 2022"]
[Site "Pardubice"]
[Date "2022.07.17"]
[Round "7.1"]
[White "Sramek, Vojtech"]
[Black "Vykouk, Jan"]
[Result "0-1"]
[ECO "B90"]
[WhiteElo "2249"]
[BlackElo "2476"]
[Annotator "ChessBase"]
[PlyCount "94"]
[EventDate "2022.07.14"]
[EventType "team-tourn"]
[EventCountry "CZE"]
[SourceTitle "playchess.com"]
[Source "ChessBase"]
[SourceQuality "1"]
[TimeControl "5400+30"]

1. e4 c5 2. Nf3 d6 3. d4 cxd4 4. Nxd4 Nf6 5. Nc3 a6 6. Bd3 g6 7. f3 Bg7 8. Be3 Nc6 9. Qd2 O-O 10. O-O-O d5 11. h4 Ne5 12. Bh6 Nxd3+ 13. cxd3 e5 14. Nf5 Bxf5 15. exf5 d4 16. Ne4 Qc8+ 17. Kb1 Qxf5 18. h5 Nxe4 19. fxe4 Bxh6 20. Qxh6 Qf4 21. Qxf4 exf4 22. Rdf1 g5 23. g3 fxg3 24. Rhg1 Kg7 25. Rxg3 f6 26. Rf5 Rae8 27. Rd5 Rd8 28. Rf5 Rc8 29. a3 Kh6 30. Rh3 Rce8 31. Rd5 Rd8 32. Rf5 Rd6 33. Rh2 Re8 34. Rc5 Re7 35. Rc4 b6 36. Ka2 g4 37. Rcc2 Re5 38. Rh4 Kg5 39. Rh1 f5 40. exf5 Rxf5 41. Rg1 Rf3 42. Rc7 h6 43. Rg7+ Kxh5 44. R7xg4 Rxd3 45. R4g2 Rh3 46. Kb1 d3 47. Kc1 Rd5 0-1

[Event "Czech Open-E Teams 2022"]
[Site "Pardubice"]
[Date "2022.07.17"]
[Round "7.2"]
[White "Simacek, Pavel"]
[Black "Kostka, Vit"]
[Result "1/2-1/2"]
[ECO "D35"]
[WhiteElo "2458"]
[BlackElo "2168"]
[Annotator "ChessBase"]
[PlyCount "115"]
[EventDate "2022.07.14"]
[EventType "team-tourn"]
[EventCountry "CZE"]
[SourceTitle "playchess.com"]
[Source "ChessBase"]
[SourceQuality "1"]
[TimeControl "5400+30"]

1. d4 d5 2. c4 e6 3. Nc3 Nf6 4. cxd5 exd5 5. Bg5 c6 6. e3 Be7 7. Bd3 h6 8. Bh4 Be6 9. Nge2 Nbd7 10. f3 g5 11. Bf2 Qc7 12. Qa4 a6 13. Rc1 Bd6 14. e4 Nb6 15. Qa5 dxe4 16. Nxe4 Nbd5 17. Nxd6+ Qxd6 18. a3 Nh5 19. O-O Nhf4 20. Rfd1 Nxe2+ 21. Bxe2 Nf4 22. Bf1 Bd5 23. Re1+ Kf8 24. Re5 f6 25. Be1 b6 26. Qxb6 Rb8 27. Bb4 Qxb4 28. Qxb4+ Rxb4 29. Rxd5 Nxd5 30. axb4 Nxb4 31. Rc4 a5 32. Rc5 Ke7 33. Rxa5 Rd8 34. Ra7+ Rd7 35. Rxd7+ Kxd7 36. Kf2 Nc2 37. f4 Nxd4 38. fxg5 hxg5 39. Ke3 Nf5+ 40. Ke4 Ne7 41. g3 Kd6 42. Bh3 Nd5 43. Bf1 f5+ 44. Kd3 Nb4+ 45. Kc4 Nd5 46. Bd3 Nb6+ 47. Kb4 Nd5+ 48. Kc4 Nb6+ 49. Kb4 Nd5+ 50. Kb3 f4 51. gxf4 Nxf4 52. Be4 Ne6 53. Kc4 Nc5 54. Bf5 Na4 55. b3 Nc5 56. b4 Na6 57. Bg4 Nc7 58. Bf3 1/2-1/2

[Event "Czech Open-E Teams 2022"]
[Site "Pardubice"]
[Date "2022.07.17"]
[Round "7.3"]
[White "Lojek, Marek"]
[Black "Kraus, Tomas"]
[Result "0-1"]
[ECO "B12"]
[WhiteElo "2142"]
[BlackElo "2488"]
[Annotator "ChessBase"]
[PlyCount "88"]
[EventDate "2022.07.14"]
[EventType "team-tourn"]
[EventCountry "CZE"]
[SourceTitle "playchess.com"]
[Source "ChessBase"]
[SourceQuality "1"]
[TimeControl "5400+30"]

1. e4 c6 2. d4 d5 3. e5 c5 4. dxc5 e6 5. Be3 Nd7 6. Bb5 Ne7 7. f4 Qa5+ 8. Nc3 a6 9. Bxd7+ Bxd7 10. a3 Nf5 11. b4 Nxe3 12. Qe2 Nxg2+ 13. Qxg2 Qc7 14. Nge2 b6 15. cxb6 Qxb6 16. Qf2 Qxf2+ 17. Kxf2 Rc8 18. Ke3 Be7 19. Rhg1 g6 20. Kd3 O-O 21. Nd4 Rc4 22. Nce2 Rfc8 23. c3 Ba4 24. Rg3 Kf8 25. Kd2 Bd8 26. Ra2 Bb6 27. Rd3 Ba7 28. Nf3 Re4 29. Ng5 Rxe2+ 30. Kxe2 Bb5 31. a4 Bxd3+ 32. Kxd3 Rc4 33. Nxh7+ Ke7 34. b5 a5 35. b6 Bxb6 36. Rb2 Bc7 37. Rb7 Kd7 38. Nf6+ Kc8 39. Rb5 Rxf4 40. Ne8 Bxe5 41. Rxa5 Kd7 42. Ra8 Rf3+ 43. Ke2 Rxc3 44. a5 Rc8 0-1

[Event "Czech Open-E Teams 2022"]
[Site "Pardubice"]
[Date "2022.07.17"]
[Round "7.4"]
[White "Studnicka, Tomas"]
[Black "Husek, Martin"]
[Result "0-1"]
[ECO "A46"]
[WhiteElo "2316"]
[BlackElo "2132"]
[Annotator "ChessBase"]
[PlyCount "72"]
[EventDate "2022.07.14"]
[EventType "team-tourn"]
[EventCountry "CZE"]
[SourceTitle "playchess.com"]
[Source "ChessBase"]
[SourceQuality "1"]
[TimeControl "5400+30"]

1. d4 Nf6 2. Nf3 e6 3. Bf4 d5 4. e3 c5 5. c3 Nc6 6. Nbd2 cxd4 7. exd4 Nh5 8. Be3 Bd6 9. Ne5 g6 10. Nd3 Qc7 11. g3 f6 12. Bg2 Ng7 13. O-O Nf5 14. Bf4 e5 15. dxe5 fxe5 16. Re1 Nfe7 17. Bh6 Bf5 18. Qe2 O-O-O 19. a3 e4 20. Nb4 Ne5 21. Bf4 a5 22. Bxe5 Bxe5 23. Nc2 h5 24. Nd4 h4 25. Nb5 Qb6 26. Kf1 hxg3 27. hxg3 Bd7 28. c4 Bxb5 29. cxb5 Nf5 30. Qg4 Kb8 31. a4 Nxg3+ 32. fxg3 Rdf8+ 33. Bf3 Bxb2 34. Rad1 Rh2 35. Nxe4 dxe4 36. Rxe4 Qf2# 0-1

[Event "Czech Open-E Teams 2022"]
[Site "Pardubice"]
[Date "2022.07.17"]
[Round "7.5"]
[White "Polak, Tomas"]
[Black "Cukrowski, Filip"]
[Result "0-1"]
[ECO "D38"]
[WhiteElo "2512"]
[BlackElo "2378"]
[Annotator "ChessBase"]
[PlyCount "93"]
[EventDate "2022.07.14"]
[EventType "team-tourn"]
[EventCountry "CZE"]
[SourceTitle "playchess.com"]
[Source "ChessBase"]
[SourceQuality "1"]
[TimeControl "5400+30"]

1. d4 Nf6 2. c4 e6 3. Nf3 d5 4. Nc3 Bb4 5. Bg5 h6 6. Bxf6 Qxf6 7. g3 dxc4 8. Bg2 Nc6 9. O-O O-O 10. e3 Rb8 11. Nd2 Na5 12. Qa4 Qe7 13. a3 Bxc3 14. bxc3 b6 15. Nxc4 Bd7 16. Qb4 Qxb4 17. axb4 Nxc4 18. Rxa7 Nd6 19. Rxc7 Bb5 20. Ra1 Rfc8 21. Raa7 Rxc7 22. Rxc7 Rc8 23. Rxc8+ Nxc8 24. f4 Nd6 25. Kf2 Bc4 26. Ke1 Bd5 27. Bf1 f5 28. Be2 g5 29. fxg5 hxg5 30. h4 gxh4 31. gxh4 b5 32. Bd3 Kg7 33. Kf2 Ne4+ 34. Bxe4 Bxe4 35. Kg3 Kh6 36. Kf4 Kh5 37. Kg3 Bd3 38. Kh3 f4 39. exf4 Be4 40. Kg3 Bf5 41. Kf3 Kxh4 42. Ke3 Kg4 43. c4 bxc4 44. b5 c3 45. d5 exd5 46. b6 Bc8 47. Kd4 0-1

[Event "Czech Open-E Teams 2022"]
[Site "Pardubice"]
[Date "2022.07.17"]
[Round "7.6"]
[White "Butkiewicz, Lukasz"]
[Black "Nemec, Jachym"]
[Result "1/2-1/2"]
[ECO "B33"]
[WhiteElo "2370"]
[BlackElo "2357"]
[Annotator "ChessBase"]
[PlyCount "51"]
[EventDate "2022.07.14"]
[EventType "team-tourn"]
[EventCountry "CZE"]
[SourceTitle "playchess.com"]
[Source "ChessBase"]
[SourceQuality "1"]
[TimeControl "5400+30"]

1. e4 c5 2. Nf3 Nc6 3. d4 cxd4 4. Nxd4 Nf6 5. Nc3 e5 6. Ndb5 d6 7. Bg5 a6 8. Na3 b5 9. Nd5 Be7 10. Bxf6 Bxf6 11. c4 b4 12. Nc2 a5 13. g3 h5 14. h4 g6 15. Bg2 Bg7 16. Qd3 O-O 17. O-O Rb8 18. Rad1 Re8 19. b3 Bb7 20. Qe2 Ba8 21. Rd3 a4 22. Rfd1 Qa5 23. Qd2 Kh8 24. Bf3 Kg8 25. Kg2 Nd4 26. Nxd4 1/2-1/2

[Event "Czech Open-E Teams 2022"]
[Site "Pardubice"]
[Date "2022.07.17"]
[Round "7.7"]
[White "Kusa, Jakub"]
[Black "Kulon, Klaudia"]
[Result "1-0"]
[ECO "E92"]
[WhiteElo "2353"]
[BlackElo "2286"]
[Annotator "ChessBase"]
[PlyCount "68"]
[EventDate "2022.07.14"]
[EventType "team-tourn"]
[EventCountry "CZE"]
[SourceTitle "playchess.com"]
[Source "ChessBase"]
[SourceQuality "1"]
[TimeControl "5400+30"]

1. d4 Nf6 2. Nf3 g6 3. c4 Bg7 4. Nc3 O-O 5. e4 d6 6. Be2 e5 7. Be3 exd4 8. Nxd4 Re8 9. f3 c6 10. Bf2 d5 11. exd5 cxd5 12. c5 Nc6 13. O-O Nh5 14. Qd2 Re5 15. Rae1 Qg5 16. Qxg5 Rxg5 17. h4 Re5 18. Ndb5 d4 19. Nxd4 Nf4 20. Nxc6 bxc6 21. Bc4 Rxe1 22. Rxe1 Be6 23. Bxe6 Nxe6 24. Rc1 Rd8 25. b4 Nf4 26. Rd1 Rd3 27. Be1 a6 28. Kf1 Kf8 29. Rxd3 Nxd3 30. Nd1 Ke7 31. Bd2 Ke6 32. Ke2 Ne5 33. Bc3 Bh6 34. g3 f5 1-0

[Event "Czech Open-E Teams 2022"]
[Site "Pardubice"]
[Date "2022.07.17"]
[Round "7.8"]
[White "Mondrzycki, Bartlomiej"]
[Black "Pisk, Petr"]
[Result "0-1"]
[ECO "A46"]
[WhiteElo "2180"]
[BlackElo "2329"]
[Annotator "ChessBase"]
[PlyCount "82"]
[EventDate "2022.07.14"]
[EventType "team-tourn"]
[EventCountry "CZE"]
[SourceTitle "playchess.com"]
[Source "ChessBase"]
[SourceQuality "1"]
[TimeControl "5400+30"]

1. d4 Nf6 2. Nf3 e6 3. Bg5 c5 4. e3 h6 5. Bh4 cxd4 6. exd4 b6 7. Nbd2 Be7 8. c3 O-O 9. Bxf6 Bxf6 10. Bd3 Ba6 11. Qe2 Bxd3 12. Qxd3 d5 13. O-O-O Nc6 14. Kb1 Rb8 15. h4 g6 16. h5 g5 17. Rhe1 Qc7 18. Qe3 b5 19. Ne5 b4 20. c4 dxc4 21. Ndxc4 Ne7 22. Qd3 Nd5 23. Rc1 Rfc8 24. Nd2 Qb7 25. Ne4 Rxc1+ 26. Rxc1 Bxe5 27. dxe5 Qb6 28. Ka1 a5 29. f4 gxf4 30. Nf6+ Nxf6 31. exf6 Qe3 32. Qf1 Qe5 33. Rc4 Rd8 34. g3 f3 35. Rg4+ Kh8 36. Qc1 Qe3 37. Qb1 f2 38. Rg7 Qe1 39. Rh7+ Kg8 40. Rg7+ Kf8 41. Rh7 Qxb1+ 0-1

[Event "Czech Open-E Teams 2022"]
[Site "Pardubice"]
[Date "2022.07.17"]
[Round "7.9"]
[White "Hrdina, Robin"]
[Black "Cerveny, Martin"]
[Result "0-1"]
[ECO "B22"]
[WhiteElo "2162"]
[BlackElo "2396"]
[Annotator "ChessBase"]
[PlyCount "68"]
[EventDate "2022.07.14"]
[EventType "team-tourn"]
[EventCountry "CZE"]
[SourceTitle "playchess.com"]
[Source "ChessBase"]
[SourceQuality "1"]
[TimeControl "5400+30"]

1. e4 c5 2. c3 Nf6 3. e5 Nd5 4. d4 cxd4 5. Nf3 e6 6. cxd4 b6 7. Bd3 Ba6 8. O-O Bxd3 9. Qxd3 Nc6 10. Nc3 Nxc3 11. bxc3 d5 12. exd6 Bxd6 13. d5 exd5 14. Re1+ Ne7 15. Bg5 O-O 16. Rad1 Rc8 17. Nd4 h6 18. Bh4 Qd7 19. Nb5 Ng6 20. Nxd6 Qxd6 21. Bg3 Qa3 22. Qxd5 Qxc3 23. h4 Rfe8 24. Rxe8+ Rxe8 25. Qd7 Re1+ 26. Rxe1 Qxe1+ 27. Kh2 Qe7 28. Qc8+ Kh7 29. Qf5 Qe6 30. Qd3 f5 31. h5 Ne7 32. Bb8 Nc6 33. Bc7 Qf7 34. Bf4 Qxh5+ 0-1

[Event "Czech Open-E Teams 2022"]
[Site "Pardubice"]
[Date "2022.07.17"]
[Round "7.10"]
[White "Szotkowski, Jakub"]
[Black "Zvolensky, David"]
[Result "1-0"]
[ECO "E06"]
[WhiteElo "2344"]
[BlackElo "2196"]
[Annotator "ChessBase"]
[PlyCount "84"]
[EventDate "2022.07.14"]
[EventType "team-tourn"]
[EventCountry "CZE"]
[SourceTitle "playchess.com"]
[Source "ChessBase"]
[SourceQuality "1"]
[TimeControl "5400+30"]

1. d4 Nf6 2. c4 e6 3. g3 d5 4. Bg2 Be7 5. Nf3 O-O 6. O-O dxc4 7. Qa4 a6 8. Qxc4 b5 9. Qc2 Bb7 10. Bf4 Nc6 11. Rd1 Nb4 12. Qc1 Nbd5 13. Nc3 Qc8 14. Nxd5 Nxd5 15. Bg5 f6 16. Be3 c5 17. dxc5 Nxe3 18. Qxe3 Bxc5 19. Nd4 Bxd4 20. Rxd4 Bxg2 21. Kxg2 Qc6+ 22. Qf3 Qxf3+ 23. Kxf3 Rfd8 24. Rad1 Rxd4 25. Rxd4 Ra7 26. Rd6 Kf7 27. Rb6 Ke7 28. Ke3 e5 29. b3 Kd7 30. Ke4 Ke7 31. h4 g6 32. e3 h5 33. f3 Rd7 34. Rxa6 Rd2 35. g4 hxg4 36. fxg4 Rh2 37. g5 Rxh4+ 38. Kd5 fxg5 39. Rxg6 Rh2 40. Rxg5 Rxa2 41. Rxe5+ Kf6 42. Re6+ Kf5 1-0

[Event "Czech Open-E Teams 2022"]
[Site "Pardubice"]
[Date "2022.07.17"]
[Round "7.12"]
[White "Vyskocil, Neklan"]
[Black "Vlkova, Anezka"]
[Result "1-0"]
[ECO "C05"]
[WhiteElo "2286"]
[BlackElo "1954"]
[Annotator "ChessBase"]
[PlyCount "83"]
[EventDate "2022.07.14"]
[EventType "team-tourn"]
[EventCountry "CZE"]
[SourceTitle "playchess.com"]
[Source "ChessBase"]
[SourceQuality "1"]
[TimeControl "5400+30"]

1. e4 e6 2. d4 d5 3. Nd2 Nf6 4. e5 Nfd7 5. c3 c5 6. f4 cxd4 7. cxd4 Qa5 8. Bd3 b6 9. Kf2 Nc6 10. Nb3 Qa4 11. Ne2 Nb4 12. Bb1 a5 13. a3 Na6 14. Bd3 Qc6 15. Be3 Qb7 16. Rc1 Nc7 17. Qc2 Kd8 18. f5 Be7 19. Rhf1 Nf8 20. Kg1 Bd7 21. fxe6 Bxe6 22. Nf4 Bd7 23. Qf2 Nce6 24. Qg3 Ng6 25. Nh5 a4 26. Nd2 Bh4 27. Qf3 Rc8 28. Rxc8+ Kxc8 29. Qe2 Qc6 30. Nf3 Kb8 31. Nxh4 Nxh4 32. Rxf7 Be8 33. Rf1 Bg6 34. g3 Bxd3 35. Qxd3 Qe8 36. Nf4 Nxf4 37. Bxf4 Ng6 38. Bd2 Ka7 39. Bb4 h5 40. Qf3 Qc6 41. Qf7+ Ka6 42. e6 1-0